Map: [ESL] Data-C

Players

KingCobra

  • Race: Protoss Protoss
  • Spawn Location: 3:00

ShoWTimE - Winner!

  • Race: Protoss Protoss
  • Spawn Location: 9:00

Event: DreamHack SC2 Masters 2022 Atlanta (Online)

VOD

Have the link to the VOD?

Description

Time

  • Played on: Oct. 9, 2022, 11:12 a.m.
  • Length: 6:52

All games in this series

Show
View Real Time Build Order
Export as new Build Order

KingCobra Protoss 

Build Orders: Phoenix Opening 

Get SALT Encoding   

  12  0:00  Probe  
  13  0:12  Probe  
  14  0:17  Pylon  
  14  0:24  Probe  
  15  0:36  Gateway  
  15  0:37  Probe (Chrono Boost)  
  16  0:47  Probe (Chrono Boost), Assimilator  
  17  0:52  Probe (Chrono Boost)  
  18  1:00  Pylon  
  18  1:03  Probe (Chrono Boost)  
  19  1:06  Assimilator  
  19  1:13  Probe (Chrono Boost)  
  19  1:18  Probe (Chrono Boost)  
  20  1:23  Cybernetics Core  
  21  1:30  Probe  
  21  1:31  Pylon  
  24  1:51  Probe  
  23  2:02  Nexus  
  23  2:13  Stargate  
  23  2:19  Stalker (Chrono Boost)  
  25  2:26  Warp Gate  
  25  2:35  Probe  
  26  2:39  Pylon  
  26  2:42  Stalker (Chrono Boost)  
  28  2:57  Phoenix (Chrono Boost)  
  30  3:02  Probe  
  31  3:15  Pylon  
  31  3:19  Gateway  
  31  3:20  Phoenix (Chrono Boost)  
  33  3:34  Gateway  
  33  3:37  Phoenix (Chrono Boost)  
  33  3:57  Pylon  
  33  3:58  Phoenix (Chrono Boost)  
  33  4:15  Shield Battery  
  33  4:17  Gateway  
  33  4:20  Stalker  
  35  4:25  Stalker  
  34  4:33  Stalker  
  34  4:46  Stalker  
  34  4:55  Stalker  
  32  5:07  Stalker  
  32  5:13  Zealot x2  
  38  5:19  Stalker  
  36  5:29  Stalker  
  36  5:31  Zealot  
  40  5:37  Stalker  
  42  5:48  Stalker  
  40  5:56  Stalker  
  38  5:58  Zealot  
  40  6:14  Stalker  
  40  6:15  Stalker  
  42  6:20  Zealot  
  44  6:26  Stalker  
  40  6:38  Stalker  
Show
View Real Time Build Order
Export as new Build Order

ShoWTimE Protoss - Winner!

Build Orders: Phoenix Opening, Mass Phoenix 

Get SALT Encoding   

  12  0:00  Probe  
  13  0:12  Probe  
  14  0:17  Pylon  
  14  0:24  Probe (Chrono Boost)  
  15  0:36  Probe (Chrono Boost)  
  15  0:38  Gateway  
  16  0:44  Probe (Chrono Boost)  
  16  0:46  Assimilator  
  17  0:51  Probe  
  18  1:03  Probe (Chrono Boost)  
  19  1:09  Assimilator  
  19  1:10  Pylon  
  19  1:15  Probe (Chrono Boost)  
  20  1:21  Probe (Chrono Boost)  
  20  1:25  Cybernetics Core  
  21  1:29  Probe  
  24  1:32  Zealot  
  24  1:41  Probe  
  25  1:53  Probe  
  26  2:01  Stargate  
  28  2:09  Probe  
  29  2:25  Probe  
  29  2:29  Nexus  
  28  2:34  Pylon  
  29  2:37  Probe  
  29  2:44  Phoenix (Chrono Boost)  
  31  2:52  Probe  
  31  3:00  Phoenix (Chrono Boost)  
  31  3:04  Probe  
  34  3:10  Assimilator  
  34  3:16  Probe  
  35  3:21  Phoenix (Chrono Boost)  
  35  3:23  Stargate  
  37  3:28  Probe  
  38  3:41  Phoenix (Chrono Boost)  
  38  3:43  Probe  
  38  3:48  Probe  
  42  3:55  Probe, Assimilator  
  42  4:00  Probe  
  44  4:03  Phoenix (Chrono Boost)  
  44  4:07  Probe  
  47  4:12  Phoenix (Chrono Boost)  
  50  4:18  Shield Battery  
  50  4:20  Warp Gate  
  49  4:26  Phoenix  
  51  4:35  Pylon  
  49  4:39  Phoenix (Chrono Boost)  
  49  4:45  Shield Battery  
  49  4:50  Shield Battery  
  49  4:54  Stalker  
  51  5:05  Void Ray (Chrono Boost)  
  55  5:08  Pylon  
  55  5:18  Shield Battery  
  55  5:25  Gateway  
  55  5:31  Probe  
  55  5:32  Probe  
  61  5:35  Void Ray  
  59  5:48  Stalker  
  59  5:49  Void Ray  
  63  5:55  Probe  
  64  5:57  Gateway  
  64  5:58  Shield Battery  
  64  6:02  Shield Battery  
  64  6:11  Robotics Facility  
  64  6:17  Probe x2  
  66  6:25  Pylon  
  66  6:26  Stalker x2  
  70  6:35  Probe  
Tags
 
Add a new tag
Caveats
  • Supply blocks, unpowered buildings, or Contaminate may cause inaccurate times.
  • Supply counts are checked every 10 seconds.